 Dungeon Crawl Stone Soup version 0.30-a0-305-g026cb31310 (webtiles) character file.

Game seed: 15950241758173827278

66 pokeman the Magician (level 3, -1/20 HPs)
             Began as a Deep Elf Hedge Wizard on Oct 21, 2022.
             Slain by Crazy Yiuf
             ... wielding a +4 quarterstaff of chaos
              (11 damage)
             ... on level 2 of the Dungeon.
             The game lasted 00:03:29 (2355 turns).

pokeman the Magician (Deep Elf Hedge Wizard)        Turns: 2355, Time: 00:03:30

Health: -1/20      AC:  3    Str:  7    XL:     3   Next: 96%
Magic:  8/11       EV: 12    Int: 20    God:
Gold:   56         SH:  0    Dex: 19    Spells: 1/12 levels left

rFire   + + .      SeeInvis .    l - +3 trident of Cacuiree {freeze, *Slow rF++ Dex+5}
rCold   . . .      Faith    .    (no shield)
rNeg    . . .      Spirit   .    f - +0 leather armour
rPois   .          Reflect  .    c - +0 hat
rElec   .          Harm     .    (no cloak)
rCorr   .          Rampage  .    (no gloves)
Will    .....                    (no boots)
Stlth   ++........               k - amulet of the acrobat
HPRegen 0.23/turn                (no ring)
MPRegen 0.12/turn                (no ring)

@: no status effects
A: no striking features
a: no special abilities


You were on level 2 of the Dungeon.
You visited 1 branch of the dungeon, and saw 2 of its levels.

You collected 89 gold pieces.
You spent 33 gold pieces at shops.

Inventory:

Hand Weapons
 l - the +3 trident of Cacuiree (weapon) {freeze, *Slow rF++ Dex+5}
   (You found it on level 2 of the Dungeon)

   It freezes those it strikes, dealing additional cold damage.
   It can also slow down cold-blooded creatures.
   Dex:       It affects your dexterity (+5).
   rF:        It greatly protects you from fire.
   *Slow:     It may slow you when you take damage.
Armour
 c - a +0 hat (worn)
 f - a +0 leather armour (worn)
Jewellery
 k - an amulet of the acrobat (around neck)
Scrolls
 a - a scroll of amnesia {unknown}
 e - 6 scrolls of identify
 h - a scroll of butterflies {unknown}
 i - 2 scrolls of teleportation {unknown}
 m - a scroll of silence {unknown}
 o - a scroll of enchant armour {unknown}
Potions
 b - a potion of ambrosia {unknown}
 d - a potion of magic
 g - a potion of berserk rage {unknown}
 j - a potion of mutation {unknown}
 n - a potion of attraction {unknown}
 p - a potion of lignification {unknown}
 q - a potion of curing {unknown}


   Skills:
 - Level 1.0 Fighting
 - Level 1.1 Armour
 + Level 2.4 Dodging
 + Level 2.4 Stealth
 * Level 5.4 Spellcasting
 + Level 2.0 Conjurations
 - Level 1.1 Summonings
 - Level 1.1 Translocations


You had one spell level left.
You knew the following spells:

 Your Spells              Type           Power      Damage    Failure   Level
a - Magic Dart            Conj           52%        1d5       7%          1
b - Mephitic Cloud        Conj/Pois/Air  8%         N/A       36%         3
c - Call Imp              Summ           9%         N/A       16%         2
d - Blink                 Tloc           18%        N/A       16%         2
e - Stone Arrow           Conj/Erth      18%        3d8       32%         3

Your spell library contained the following spells:

 Spells                   Type           Power      Damage    Failure   Level
 Sandblast                Erth           10%        2d5       16%         1
 Slow                     Hex            20%        N/A       16%         1
 Cigotuvi's Dreadful Rot  Necr/Pois/Air  10%        N/A       24%         2
 Passwall                 Tmut/Erth      4%         N/A       24%         2
 Summon Guardian Golem    Hex/Summ       7%         N/A       36%         3
 Orb of Destruction       Conj           6%         9d6       100%        7
 Spellforged Servitor     Conj/Summ      5%         N/A       100%        7


Dungeon Overview and Level Annotations

Branches:
Dungeon (2/15)

Altars:

Shops:
D:1 ?

Annotations:
D:2 Crazy Yiuf


Message History

You see here a +0 ring mail.
Things that are here:
a +0 club; 4 stones You see here a stone.
You open the door.
Casting: Magic Dart (safe; 7% risk of failure)
Confirm with . or Enter, or press ? or * to list all spells.
The spell is astonishingly dangerous to miscast (36% risk of failure)!
Continue anyway?
Aiming: Mephitic Cloud (astonishingly dangerous; 36% risk of failure)
Press: ? - help, Shift-Dir - straight line, f - Crazy Yiuf
Aim: Crazy Yiuf, wielding a +4 quarterstaff of chaos and wearing a +2 cloak of preservation (wandering, hasn't noticed you, chance to affect: 86%)
The ball explodes into a vile cloud!
The stinking cloud engulfs Crazy Yiuf but does no damage.
Crazy Yiuf shouts!
Crazy Yiuf is engulfed in noxious fumes.
Unknown command.
Crazy Yiuf is engulfed in noxious fumes.
Crazy Yiuf appears confused.
There is an open translucent door here.
Reach: l) +3 trident of Cacuiree {freeze, *Slow rF++ Dex+5}
Press: ? - help, Dir - move target, f/p - Crazy Yiuf
Aim: Crazy Yiuf, wielding a +4 quarterstaff of chaos and wearing a +2 cloak of preservation (confused, about 17% to evade the +3 trident of Cacuiree)
You puncture Crazy Yiuf! You freeze Crazy Yiuf.
Crazy Yiuf is heavily wounded.
Crazy Yiuf hits you with a +4 quarterstaff of chaos!
Crazy Yiuf freezes you.
Reach: l) +3 trident of Cacuiree {freeze, *Slow rF++ Dex+5}
Press: ? - help, Dir - move target, f/p - Crazy Yiuf
Aim: Crazy Yiuf, wielding a +4 quarterstaff of chaos and wearing a +2 cloak of preservation (heavily wounded, confused, about 17% to evade the +3 trident of Cacuiree)
You hit Crazy Yiuf but do no damage.
Crazy Yiuf is heavily wounded.
Reach: l) +3 trident of Cacuiree {freeze, *Slow rF++ Dex+5}
Press: ? - help, Dir - move target, f/p - Crazy Yiuf
Aim: Crazy Yiuf, wielding a +4 quarterstaff of chaos and wearing a +2 cloak of preservation (heavily wounded, confused, about 17% to evade the +3 trident of Cacuiree)
You hit Crazy Yiuf. You freeze Crazy Yiuf.
Crazy Yiuf is severely wounded.
Crazy Yiuf says, "Have you seen my cloak?"
Crazy Yiuf hits you with a +4 quarterstaff of chaos!
Ouch! That really hurt!
You die...

##### #)..#
## #...# ##.
#..g# ##..
#@# #...
♣.♣♣ ####...
♣♣.♣ #.##...
♣.♣♣ #.##...
♣♣.♣
######.##...
♣♣.♣♣
#...##......
♣♣...♣
#...'..##..#
♣....♣
#...#####...
#....# #...#
#...


You could see Crazy Yiuf (confused).

Vanquished Creatures
  An adder (D:2)
  An orc (D:2)
  3 ball pythons
  7 endoplasms
  A giant cockroach (D:1)
  3 goblins
  3 hobgoblins
  2 quokkas (D:1)
  3 bats
  2 frilled lizards (D:2)
  3 kobolds
  2 rats
31 creatures vanquished.

Vanquished Creatures (collateral kills)
  Terence (D:2)
1 creature vanquished.

Grand Total: 32 creatures vanquished

Notes
Turn   | Place    | Note
-------+----------+-------------------------------------------
     0 | D:1      | pokeman the Deep Elf Hedge Wizard began the quest for the
                  | Orb.
     0 | D:1      | Reached XP level 1. HP: 10/10 MP: 7/7
   410 | D:1      | Reached XP level 2. HP: 12/16 MP: 2/9
   743 | D:1      | Found Ofygas's Magic Scroll Shop.
   747 | D:1      | Bought a scroll of identify for 22 gold pieces
   747 | D:1      | Bought a scroll of noise for 11 gold pieces
  1290 | D:2      | Identified the +3 trident of Cacuiree {freeze, *Slow rF++
                  | Dex+5}
  1350 | D:2      | Noticed Terence
  1537 | D:2      | Reached skill level 5 in Spellcasting
  1729 | D:2      | Reached XP level 3. HP: 20/20 MP: 8/11
  1733 | D:2      | Learned a level 3 spell: Mephitic Cloud
  1736 | D:2      | Learned a level 2 spell: Call Imp
  1739 | D:2      | Learned a level 2 spell: Blink
  1743 | D:2      | Learned a level 3 spell: Stone Arrow
  1900 | D:2      | Killed Terence
  1901 | D:2      | Reached skill level 1 in Fighting
  1901 | D:2      | Reached skill level 1 in Armour
  2036 | D:2      | Found a faded altar of an unknown god.
  2059 | D:2      | Found a runed translucent door.
  2060 | D:2      | Noticed Crazy Yiuf
  2355 | D:2      | Slain by Crazy Yiuf

Illustrated notes

Levels and vault maps discovered:
D:1:      matt_arrival_diagonals, layout_basic, serial_shops,
          nicolae_shop_crystal
D:2:      layout_basic, shapermc_ecumenical_altar_mp_vishouse,
          minmay_octomino_j4, uniq_crazy_yiuf_cottage, uniq_terence

Skill      XL: |  1  2  3 |
---------------+----------+-----
Spellcasting   | 5 |  5.4
Fighting       | 1 |  1.0
Armour         | 1 |  1.1
Conjurations   | 2 |  2.0
Dodging        | |  2.4
Stealth        | |  2.4
Summonings     | |  1.1
Translocations | |  1.1

Action                   || total
-------------------------++-------
Melee: Dagger            ||     5
       Trident           ||    13
 Fire: Sling             ||     1
 Cast: Magic Dart        ||    66
       Mephitic Cloud    ||     3
       Call Imp          ||     1
 Stab: Confused          ||     1
Armor: Leather armour    ||     6
Dodge: Dodged            ||    13

Table legend: (Time is in decaauts)
 A = Elapsed time spent in this place.
 B = Non-inter-level travel time spent in this place.
 C = Inter-level travel time spent in this place.
 D = Time resting spent in this place.
 E = Time spent auto-exploring this place.
 F = Levels seen in this place.
 G = Mean time per level.
                   A        B        C        D        E       F      G
               +--------+--------+--------+--------+--------+-----+--------+
         Total |   2358 |   2307 |     51 |      0 |   2042 |   2 | 1179.0 |
       Dungeon |   2358 |   2307 |     51 |      0 |   2042 |   2 | 1179.0 |
               +--------+--------+--------+--------+--------+-----+--------+

Top non-repeatable levels by time:
     D:1: 1224 daAuts
     D:2: 1133 daAuts
